 Dungeon Crawl Stone Soup version 0.25.1-9-gc5326a611f (webtiles) character file.

Game seed: 12695648819252326419

7046 tkbsonic5 the Grappler (level 11, -1/97 HPs)
             Began as a Ghoul Warper on Nov 27, 2021.
             Was a Believer of Ashenzari.
             Slain by a yak (11 damage)
             ... on level 8 of the Dungeon.
             The game lasted 00:37:38 (9544 turns).

tkbsonic5 the Grappler (Ghoul Warper)               Turns: 9544, Time: 00:37:38

Health: -1/97      AC:  7    Str: 19    XL:     11   Next: 9%
Magic:  13/16      EV: 13    Int: 14    God:    Ashenzari [**....]
Gold:   235        SH:  0    Dex:  8    Spells: 6/18 levels left

rFire    . . .     SeeInvis .     - Unarmed
rCold    + . .     Gourm    .   (no shield)
rNeg     + + +     Faith    .   a - +0 leather armour
rPois    ∞         Spirit   .   (no helmet)
rElec    .         Reflect  .   h - +0 cloak (curse)
rCorr    .         Harm     .   w - +1 pair of gloves (curse)
MR       .....                  (no boots)
Stlth    +.........             s - amulet of regeneration (curse)
HPRegen  0.00/turn              p - +6 ring of intelligence
MPRegen  0.15/turn              (no ring)

@: shrouded, rotting
A: rotting body, claws 1, carnivore, cold resistance 1, negative energy
resistance 3, inhibited regeneration, torment resistance, unbreathing
a: Curse Item, Scrying, Renounce Religion


You were on level 8 of the Dungeon.
You worshipped Ashenzari.
Ashenzari was pleased with you.
You were not hungry.

You visited 1 branch of the dungeon, and saw 9 of its levels.

You collected 535 gold pieces.
You spent 300 gold pieces at shops.

Inventory:

Hand Weapons
 c - the +3 dagger of Valour {antimagic, rElec SInv}
   (You found it on level 7 of the Dungeon)

   It reduces the magical energy of the wielder, and disrupts the spells and
   magical abilities of those hit.
   Natural abilities and divine invocations are not affected.
   It insulates you from electricity.
   It lets you see invisible.
 d - a +0 dagger of venom
 g - a +1 scythe of venom
 i - the +2 hand axe "Toeplifu" {vorpal, Dex+4}
   (You found it on level 5 of the Dungeon)

   It inflicts extra damage upon your enemies.
   It affects your dexterity (+4).
 o - a +0 broad axe
 q - a +2 short sword of speed
 v - a +2 dagger of chaos
 x - a +1 long sword of freezing
Missiles
 k - 16 poisoned darts
 t - 4 boomerangs (quivered)
Armour
 a - a +0 leather armour (worn)
 b - a +0 plate armour
 h - a cursed +0 cloak (worn)
 w - a cursed +1 pair of gloves (worn)
Magical Staves
 D - an uncursed staff of conjuration
Jewellery
 j - an uncursed amulet of magic regeneration
 p - a +6 ring of intelligence (left hand)
 s - a cursed amulet of regeneration (around neck)
Scrolls
 m - 3 scrolls of teleportation
 n - 2 scrolls of immolation
 u - a scroll of magic mapping
 y - a scroll of enchant weapon
 z - a scroll of fog
Potions
 r - a potion of magic
 A - a potion of might
 B - a potion of flight
 C - 2 potions of curing
 E - a potion of degeneration {unknown}
Comestibles
 f - 8 rations
 l - 7 chunks of flesh


   Skills:
 * Level 9.2 Fighting
 - Level 1.3 Throwing
 + Level 5.0 Armour
 + Level 5.5 Dodging
 * Level 9.5 Unarmed Combat
 * Level 4.4 Spellcasting
 + Level 1.7 Hexes
 + Level 3.4 Charms
 + Level 2.0 Necromancy
 * Level 5.0 Translocations


You had 6 spell levels left.
You knew the following spells:

 Your Spells              Type           Power        Failure   Level  Hunger
a - Blink                 Tloc           N/A          4%          2    ##.....
b - Shroud of Golubria    Chrm/Tloc      ###...       5%          2    ##.....
c - Corona                Hex            #......      11%         1    None
d - Teleport Other        Tloc           ###.....     8%          3    ###....
e - Lesser Beckoning      Tloc           ###.......   8%          3    ###....
f - Animate Skeleton      Necr           N/A          10%         1    None

Your spell library contained the following spells:

 Spells                   Type           Power        Failure   Level  Hunger
 Apportation              Tloc           ###...       2%          1    None
 Gell's Gravitas          Tloc           ###.......   8%          3    ###....
 Summon Small Mammal      Summ           #...         22%         1    None
 Passage of Golubria      Tloc           N/A          26%         4    ####...


Dungeon Overview and Level Annotations

Branches:
Dungeon (9/15)             Temple (0/1) D:7
   Lair: D:8-11         Orc: D:9-12

Altars:
Ashenzari
Xom

Shops:
D:4 =

Annotations:
D:4 4 runed translucent doors, Crazy Yiuf; pokeman's ghost, amateur DEWz


Innate Abilities, Weirdness & Mutations

Your body is rotting away.
You thrive on raw meat.
You are immune to poison.
You have sharp fingernails.
You are carnivorous and can eat meat at any time.
Your flesh is cold resistant. (rC+)
You are immune to negative energy. (rN+++)
You do not regenerate when monsters are visible.
You are immune to unholy pain and torment.
You can survive without breathing.


Message History

Press: ? - help, Shift-Dir - straight line, f - yak
Aim: a yak The bolt of acid misses the yak.
The yak closely misses you.
Evoke which item? (* to show all) (? for menu, Esc to quit)
Aiming: Corrosive Bolt
Press: ? - help, Shift-Dir - straight line, f/p - yak
Aim: a yak The bolt of acid hits the yak.
The yak is splashed with acid.
The acid corrodes the yak!
The yak is lightly wounded.
The yak misses you.
Evoke which item? (* to show all) (? for menu, Esc to quit)
Aiming: Corrosive Bolt
Press: ? - help, Shift-Dir - straight line, f/p - yak
Aim: a yak (lightly wounded, covered in acid)
The bolt of acid hits the yak!
The yak is splashed with acid!
The yak seems to be corroded for longer.
The yak is severely wounded.
The now-empty wand crumbles to dust.
The yak gores you!
You die...

#.................#.......#.##.##
#................#.......##.#....
#....##.........##..........#....
..>.....##.......#..##...........
................................#
...............#.###............<
...............#.##..............
...÷............Y†...............
.......[.......†@#...............
........##.....###.............#.
#...^...#.......##.............##
###.............##.............##
###..............................
#.#.....................#........
.................................
.................................
##...............................


You could see a yak (corroded).

Vanquished Creatures
  A deep elf mage (D:9)
  An ugly thing (D:9)
  Maggie (D:6)
  Grinder (D:3)
  2 hippogriffs (D:8)
  Sigmund (D:6)
  A wraith (D:9)
  A hungry ghost (D:9)
  5 yaks
  A hog (shapeshifter) (D:9)
  Menkaure (D:7)
  2 insubstantial wisps
  2 orc warriors
  An ice beast (D:9)
  A black bear (D:8)
  A phantom (D:6)
  4 sky beasts
  2 centaurs
  7 ogres
  6 bullfrogs
  4 scorpions
  5 killer bees
  A howler monkey (D:3)
  10 crimson imps
  2 hounds
  4 orc priests
  A bullfrog zombie (D:7)
  A centaur skeleton (D:7)
  4 orc wizards
  Jessica (D:3)
  Natasha (D:3)
  5 worker ants
  A howler monkey skeleton (D:8)
  A worker ant zombie (D:7)
  3 gnolls (D:5)
  11 adders
  3 shadow imps
  2 worms
  3 dart slugs
  3 leopard geckos
  25 orcs
  6 giant cockroaches
  14 goblins
  11 hobgoblins
  4 quokkas
  3 ball pythons
  5 bats
  8 frilled lizards
  7 kobolds
  9 rats
200 creatures vanquished.

Vanquished Creatures (others)
  A steam dragon (D:7)
  2 sky beasts (D:7)
  A jelly (D:7)
4 creatures vanquished.

Grand Total: 204 creatures vanquished

Notes
Turn   | Place    | Note
-------+----------+-------------------------------------------
     0 | D:1      | tkbsonic5 the Ghoul Warper began the quest for the Orb.
     0 | D:1      | Reached XP level 1. HP: 17/17 MP: 2/2
   244 | D:1      | Found a shattered altar of Ashenzari.
   248 | D:1      | Reached XP level 2. HP: 19/25 MP: 3/3
   470 | D:1      | Became a worshipper of Ashenzari the Shackled
   678 | D:1      | Learned a level 2 spell: Blink
   683 | D:1      | Learned a level 2 spell: Shroud of Golubria
   864 | D:1      | Reached XP level 3. HP: 15/30 MP: 5/5
  1733 | D:2      | Reached skill level 1 in Armour
  1856 | D:2      | Reached skill level 1 in Throwing
  1937 | D:2      | Reached XP level 4. HP: 38/38 MP: 6/6
  2688 | D:3      | Reached XP level 5. HP: 44/45 MP: 7/7
  2803 | D:3      | Noticed Jessica
  2830 | D:3      | Reached skill level 1 in Charms
  2832 | D:3      | Killed Jessica
  2951 | D:3      | Found a faded altar of an unknown god.
  3167 | D:3      | Found a shimmering altar of Xom.
  3209 | D:3      | Reached XP level 6. HP: 35/52 MP: 8/8
  3337 | D:3      | Noticed Natasha
  3337 | D:3      | Noticed Grinder
  3352 | D:3      | Killed Natasha
  3390 | D:3      | Killed Grinder
  3390 | D:3      | Reached XP level 7. HP: 18/60 MP: 10/10
  3759 | D:4      | Noticed pokeman's ghost (amateur DEWz)
  3763 | D:4      | Found a runed translucent gate.
  3763 | D:4      | Found a runed translucent gate.
  3763 | D:4      | Found a runed translucent gate.
  3797 | D:4      | HP: 3/60 [ogre/+0 giant spiked club (23)]
  3800 | D:4      | Reached skill level 5 in Unarmed Combat
  4086 | D:4      | Reached skill level 5 in Fighting
  4309 | D:4      | Found a runed translucent door.
  4310 | D:4      | Noticed Crazy Yiuf
  4382 | D:4      | Reached XP level 8. HP: 57/69 MP: 11/11
  4591 | D:4      | Found Wounimul's Jewellery Emporium.
  4613 | D:4      | Bought an uncursed amulet of regeneration for 300 gold
                  | pieces
  4712 | D:5      | Entered Level 5 of the Dungeon
  4907 | D:5      | Reached * piety under Ashenzari
  5368 | D:5      | Got the hand axe "Toeplifu" {vorpal, Dex+4}
  5800 | D:6      | Noticed Sigmund
  5819 | D:6      | Killed Sigmund
  5890 | D:6      | Reached XP level 9. HP: 72/78 MP: 12/12
  5959 | D:6      | Noticed Maggie
  5969 | D:6      | Killed Maggie
  6902 | D:7      | Got the dagger of Valour {antimagic, rElec SInv}
  6903 | D:7      | Identified the +3 dagger of Valour {antimagic, rElec SInv}
                  | (You found it on level 7 of the Dungeon)
  6930 | D:7      | HP: 2/81 [insubstantial wisp/static electricity (3)]
  7065 | D:7      | Learned a level 1 spell: Corona
  7070 | D:7      | Learned a level 4 spell: Passage of Golubria
  7074 | D:7      | Learned a level 3 spell: Lesser Beckoning
  7182 | D:7      | Noticed Menkaure
  7185 | D:7      | Killed Menkaure
  7664 | D:7      | Reached XP level 10. HP: 82/90 MP: 13/13
  7871 | D:7      | Found a staircase to the Ecumenical Temple.
  8131 | D:8      | Reached skill level 5 in Dodging
  8137 | D:8      | Learned a level 3 spell: Teleport Other
  8139 | D:8      | Learned a level 1 spell: Animate Skeleton
  8838 | D:8      | Reached skill level 1 in Hexes
  8838 | D:8      | Reached skill level 1 in Necromancy
  8965 | D:8      | Reached ** piety under Ashenzari
  9195 | D:9      | Noticed a purple ugly thing
  9195 | D:9      | Noticed a deep elf mage
  9197 | D:9      | Noticed a black mamba
  9197 | D:9      | a hornet changed into a black mamba
  9198 | D:9      | a black mamba changed into a hog
  9212 | D:9      | Killed a purple ugly thing
  9219 | D:9      | Killed a deep elf mage
  9521 | D:8      | Reached XP level 11. HP: 72/97 MP: 13/16
  9526 | D:8      | Reached skill level 5 in Armour
  9526 | D:8      | Reached skill level 5 in Translocations
  9544 | D:8      | Slain by a yak

Illustrated notes

Levels and vault maps discovered:
D:1:      shiori_arrival_elements, layout_basic, evilmike_ruin_ashenzari
D:2:      layout_loops_corners
D:3:      layout_rooms, led_xom_imps, chequers_ecumenical_altar_simple_redux,
          first_ration, minmay_increasing_density, uniq_jessica, uniq_natasha,
          uniq_grinder
D:4:      cheibrodos_greedy_goblins, layout_basic, gammafunk_ghost_split,
          serial_shops, shop_statue, uniq_crazy_yiuf_cottage
D:5:      layout_loops_corners
D:6:      layout_basic, uniq_sigmund, uniq_maggie
D:7:      layout_loops_corners, lemuel_temple_firewalk_b, hangedman_misty_isle,
          uniq_menkaure
D:8:      layout_cave_pools
D:9:      layout_long_grid, dpeg_lair_monsters, grunt_livestock,
          chequers_serial_rivers_micro_e, minmay_the_grid_2x2
          [minmay_the_grid_large_cup, minmay_the_grid_gridbox,
          minmay_the_grid_diamond_grid, minmay_the_grid_prize_big_room]

Skill      XL: |  1  2  3  4  5  6  7  8  9 10 11 |
---------------+----------------------------------+-----
Spellcasting   | 2 3 4 |  4.4
Unarmed Combat | 3 4 5 7 8 9 |  9.5
Fighting       | 3 4 5 6 8 9 |  9.2
Armour         | 1 2 3 4 5 |  5.0
Throwing       | 1 |  1.3
Dodging        | 2 3 4 5 |  5.5
Charms         | 1 2 3 |  3.4
Translocations | 3 4 5 |  5.0
Hexes          | 1 |  1.7
Necromancy     | 1 2 |  2.0

Action                   |  1- 3 |  4- 6 |  7- 9 | 10-12 || total
-------------------------+-------+-------+-------+-------++-------
Melee: Unarmed           |   143 |   165 |   483 |   180 ||   971
       Punch             |     2 |     1 |     5 |     5 ||    13
       Dagger            |       |       |     4 |       ||     4
       Short sword       |       |       |     3 |       ||     3
Throw: Boomerang         |       |     5 |     3 |    13 ||    21
       Dart              |       |       |    10 |    24 ||    34
 Cast: Shroud of Golubri |       |       |     2 |    12 ||    14
       Blink             |       |       |     1 |     2 ||     3
       Corona            |       |       |     1 |       ||     1
       Teleport Other    |       |       |       |     4 ||     4
Invok: Curse Item        |       |     1 |     2 |     1 ||     4
       Scrying           |       |       |     1 |     1 ||     2
Evoke: Wand              |       |       |     8 |    20 ||    28
  Use: Scroll            |     2 |     4 |     6 |     5 ||    17
       Potion            |       |     4 |     3 |     1 ||     8
  Eat: Chunk             |    14 |     6 |    11 |     6 ||    37
       Ration            |       |       |     2 |     2 ||     4
Armor: Ring mail         |    36 |       |       |       ||    36
       Leather armour    |     3 |       |    17 |    62 ||    82
       Plate armour      |    23 |   153 |   228 |       ||   404
Dodge: Dodged            |    68 |    39 |   118 |   153 ||   378
